 Dungeon Crawl Stone Soup version 0.27-a0-1308-gc08437e49b (webtiles) character file.

Game seed: 8566739976030338264

30 mordus the Skirmisher (level 3, -2/29 HPs)
             Began as a Formicid Abyssal Knight on June 18, 2021.
             Was a Follower of Lugonu.
             Slain by Terence (6 damage)
             ... on level 2 of the Dungeon.
             The game lasted 00:01:35 (908 turns).

mordus the Skirmisher (Formicid Abyssal Knight)      Turns: 908, Time: 00:01:35

Health: -2/29      AC:  5    Str: 17    XL:     3   Next: 37%
Magic:  5/5        EV: 10    Int: 11    God:    Lugonu [*.....]
Gold:   17         SH:  0    Dex: 10    Spells: 2/2 levels left

rFire    . . .     SeeInvis +   a - +1 falchion
rCold    . . .     Faith    +   (no shield)
rNeg     . . .     Spirit   .   d - +0 ring mail
rPois    .         Reflect  .   (helmet unavailable)
rElec    .         Harm     .   (no cloak)
rCorr    .         Rampage  .   (no gloves)
Will     .....                  (no boots)
Stlth    ..........             h - amulet of faith
HPRegen  0.09/turn              (no ring)
MPRegen  0.09/turn              (no ring)

@: no status effects
A: permanent stasis, dig shafts and tunnels, antennae 3, four strong arms
a: Dig, Shaft Self, Renounce Religion, Depart the Abyss


You were on level 2 of the Dungeon.
You worshipped Lugonu.
Lugonu was aware of your devotion.
You visited 1 branch of the dungeon, and saw 2 of its levels.
You visited the Abyss 1 time.

You collected 17 gold pieces.

Inventory:

Hand Weapons
 a - a +1 falchion (weapon)
Armour
 b - a +0 leather armour
 d - a +0 ring mail (worn)
Jewellery
 h - an amulet of faith (around neck)
Scrolls
 c - 5 scrolls of identify {unknown}
 e - a scroll of amnesia {unknown}
Potions
 f - a potion of curing {unknown}
 g - a potion of haste {unknown}


   Skills:
 - Level 3.2 Fighting
 * Level 2.9 Long Blades
 + Level 2.7 Armour
 - Level 0.8 Dodging
 + Level 2.8 Invocations


You had 2 spell levels left.
You didn't know any spells.
Your spell library contained the following spells:

 Spells                   Type           Power      Damage    Failure   Level
 Magic Dart               Conj           0%         1d3       54%         1
 Searing Ray              Conj           0%         3d3       67%         2
 Dazzling Flash           Conj/Hex       0%         N/A       88%         3
 Fulminant Prism          Conj/Hex       0%         3d6       99%         4
 Iskenderun's Mystic Bla  Conj/Tloc      0%         2d3       99%         4


Dungeon Overview and Level Annotations

Branches:
Dungeon (2/15)

Altars:

Shops:
D:1 :

Annotations:
D:2 Terence


Innate Abilities, Weirdness & Mutations

You cannot be hasted, slowed, berserked, paralysed or teleported.
You can dig through walls and to a lower floor.
You have a pair of large antennae on your head. (SInv)
Your four strong arms can wield two-handed weapons with a shield.


Message History

Terence the Incautious comes into view.
He is wielding a +1 vorpal flail.
Terence shouts!
You see here a viscous cyan potion.
Terence is nearby!
Terence is nearby!
Terence hits you with a +1 vorpal flail!
Terence is nearby!
You hit Terence.
Terence is moderately wounded.
Terence hits you with a +1 vorpal flail.
Terence is nearby!
You are too injured to fight recklessly!
Terence is nearby!
You are too injured to fight recklessly!
You are too injured to fight recklessly!
You closely miss Terence.
Terence is moderately wounded.
Terence hits you but does no damage.
You hit Terence.
Terence is moderately wounded.
Terence barely misses you.
Terence hits you with a +1 vorpal flail.
* * * LOW HITPOINT WARNING * * *
x2 You hit Terence.
Terence is heavily wounded.
Terence hits you with a +1 vorpal flail.
* * * LOW HITPOINT WARNING * * *
x2 You completely miss Terence.
Terence is heavily wounded.
Terence hits you but does no damage.
You hit Terence but do no damage.
Terence is heavily wounded.
Terence closely misses you.
You hit Terence.
Terence is severely wounded.
Terence barely misses you.
You hit Terence but do no damage.
Terence is severely wounded.
Terence hits you with a +1 vorpal flail.
You die...

#.#.#...#.#.#
#.###)#.#...#.#†######
#.....................
#.###.#.##.##.#.######
# #.#.##....#.#
#.#.###!#.#######.#
#.......#...... #.#
###.##.....# #.# ##
#.@...# #.# .. #.@...#
#†#.# ## #.....# #.#.#
#.....# #.#.# #.......
#.#.# ###'##### #.#.#
.# #.#.# .# #.#.####
#.......


You could see Terence.

Vanquished Creatures
  2 ball pythons (D:1)
  2 endoplasms
  4 giant cockroaches
  4 goblins
  3 hobgoblins (D:2)
  2 kobolds (D:1)
  2 quokkas (D:1)
  3 bats
  2 frilled lizards (D:1)
  2 rats (D:1)
26 creatures vanquished.

Notes
Turn   | Place    | Note
-------+----------+-------------------------------------------
     0 | Abyss:1  | mordus the Formicid Abyssal Knight began the quest for the
                  | Orb.
     0 | Abyss:1  | Reached XP level 1. HP: 18/18 MP: 2/2
    25 | Abyss:1  | Found a corrupted altar of Lugonu.
    59 | Abyss:1  | Noticed a large abomination
    60 | D:1      | Escaped the Abyss
   123 | D:1      | Found Otzociqo's Book Shop.
   298 | D:1      | Reached XP level 2. HP: 21/24 MP: 3/3
   306 | D:1      | Reached * piety under Lugonu
   307 | D:1      | Found a faded altar of an unknown god.
   661 | D:1      | You fall into a shaft and drop 1 floor!
   682 | D:2      | Reached XP level 3. HP: 29/29 MP: 4/4
   897 | D:2      | Noticed Terence
   908 | D:2      | Slain by Terence

Illustrated notes

Levels and vault maps discovered:
D:1:      amcnicky_arrival_blooded_trapdoor, layout_rooms, serial_shops,
          nicolae_shop_competitors_out_of_business,
          ebering_ecumenical_altar_rust
D:2:      layout_basic, uniq_terence

Action                   || total
-------------------------++-------
Melee: Falchion          ||    77
Invok: Depart the Abyss  ||     1
Armor: Ring mail         ||    32
       Leather armour    ||     1
Dodge: Dodged            ||    45
       Rpst.: Falchion   ||    10

Table legend: (Time is in decaauts)
 A = Elapsed time spent in this place.
 B = Non-inter-level travel time spent in this place.
 C = Inter-level travel time spent in this place.
 D = Time resting spent in this place.
 E = Time spent auto-exploring this place.
 F = Levels seen in this place.
 G = Mean time per level.
                   A        B        C        D        E       F      G
               +--------+--------+--------+--------+--------+-----+--------+
         Total |    920 |    920 |      0 |      0 |    702 |   3 |  306.7 |
       Dungeon |    860 |    860 |      0 |      0 |    645 |   2 |  430.0 |
         Abyss |     60 |     60 |      0 |      0 |     57 |   1 |   60.0 |
               +--------+--------+--------+--------+--------+-----+--------+

Top non-repeatable levels by time:
     D:1: 608 daAuts
     D:2: 252 daAuts
 Abyss:1: 60 daAuts
